 Dungeon Crawl Stone Soup version 0.26.1-11-gd32895ea62 (webtiles) character file.

Game seed: 8920337997546487606

142 Almogavar the Covered (level 5, -3/42 HPs)
             Began as a Barachi Fighter on May 20, 2021.
             Killed by divine providence
             ... invoked by an orc priest
              (14 damage)
             ... on level 3 of the Dungeon.
             The game lasted 00:04:25 (2215 turns).

Almogavar the Covered (Barachi Fighter)             Turns: 2215, Time: 00:04:26

Health: -3/42      AC:  7    Str: 19    XL:     5   Next: 24%
Magic:  14/14      EV:  7    Int:  8    God:
Gold:   67         SH:  9    Dex: 11    Spells: 4/4 levels left

rFire    . . .     SeeInvis .   a - +0 long sword
rCold    . . .     Faith    .   c - +0 kite shield
rNeg     + . .     Spirit   .   b - +0 scale mail
rPois    .         Reflect  .   (no helmet)
rElec    .         Harm     .   (no cloak)
rCorr    .         Rampage  .   (no gloves)
Will     .....                  (no boots)
Stlth    ..........             (no amulet)
HPRegen  0.14/turn              h - ring of positive energy
MPRegen  0.14/turn              u - ring of magical power

@: slowed, very slow
A: +LOS, swims, slowness 1, strong legs 1
a: Hop


You were on level 3 of the Dungeon.
You visited 1 branch of the dungeon, and saw 3 of its levels.

You collected 67 gold pieces.

Inventory:

Hand Weapons
 a - a +0 long sword (weapon)
Missiles
 i - 40 sling bullets
 k - 18 bolts
 l - 51 arrows
 n - 33 stones
 p - 4 atropa-tipped darts
Armour
 b - a +0 scale mail (worn)
 c - a +0 kite shield (worn)
Jewellery
 h - a ring of positive energy (left hand)
 m - an uncursed ring of wizardry
 u - a ring of magical power (right hand)
Wands
 v - a wand of polymorph (4)
Scrolls
 e - 2 scrolls of fog
 q - a scroll of enchant armour
 t - a scroll of immolation {unknown}
Potions
 d - a potion of might
 f - a potion of cancellation {unknown}
 g - a potion of brilliance
 j - 2 potions of heal wounds
 o - a potion of lignification {unknown}
 r - a potion of flight {unknown}
 s - 3 potions of attraction {unknown}


   Skills:
 + Level 4.2 Fighting
 + Level 4.0 Long Blades
 + Level 4.8 Armour
 + Level 0.8 Dodging
 + Level 0.5 Stealth
 + Level 3.9 Shields


You had 4 spell levels left.
You didn't know any spells.
Your spell library was empty.

Dungeon Overview and Level Annotations

Branches:
Dungeon (3/15)

Altars:
Hepliaklqana


Innate Abilities, Weirdness & Mutations

You can be seen from farther away. (+LOS)
You can swim through water.
You cover ground slowly.
You can hop short distances.


Message History

The orc wizard is almost dead.
The orc wizard points at you and mumbles some strange words.
The magic dart hits you.
You hit the orc wizard but do no damage.
The orc wizard is almost dead.
The orc wizard hits you with a +0 dagger.
* * * LOW HITPOINT WARNING * * *
The orc wizard points at you and mumbles some strange words.
You feel yourself slow down.
You barely miss the orc wizard.
The orc wizard is almost dead.
The orc wizard hits you but does no damage.
The orc wizard mumbles some strange words.
The orc wizard blinks!
You hit the orc wizard.
You kill the orc wizard!
The orc hits you but does no damage.
The orc priest invokes the aid of Beogh against you.
Beogh smites you!
You die...

### ##### ..# . #.#
#.#.# #.#
#.#######.####.####.# #
#..............###...
.#...#####.............
#(##.# #.......###...
#.##.#####..####.# ##.#
# #.##?#.)....# #.# #.#
#.#.##Z##.#@###>.# #.#
#.# #....oo...#o# #..#
#<. ... #....Z....oo#
#.... .>. ..#
......(..##.###
#.############
###########.# #.# #.#
#.# #.. ..# ### ###


You could see an orc priest and 2 orcs.

Vanquished Creatures
  An orc wizard (D:3)
  4 gnolls (D:2)
  4 adders (D:2)
  3 oozes
  2 dart slugs
  A leopard gecko (D:2)
  2 orcs (D:3)
  7 bats
  2 giant cockroaches
  5 goblins
  7 hobgoblins
  A frilled lizard (D:2)
  5 kobolds
  9 rats
53 creatures vanquished.

Notes
Turn   | Place    | Note
-------+----------+-------------------------------------------
     0 | D:1      | Almogavar the Barachi Fighter began the quest for the Orb.
     0 | D:1      | Reached XP level 1. HP: 18/18 MP: 1/1
   102 | D:1      | Reached XP level 2. HP: 25/25 MP: 2/2
   673 | D:1      | Reached XP level 3. HP: 29/30 MP: 3/3
  1256 | D:2      | Reached XP level 4. HP: 33/37 MP: 4/4
  1616 | D:2      | Found a hazy altar of Hepliaklqana.
  1674 | D:2      | Reached XP level 5. HP: 17/42 MP: 5/5
  2215 | D:3      | Killed from afar by an orc priest

Illustrated notes

Levels and vault maps discovered:
D:1:      eino_arrival_druids_welcome, layout_basic, minmay_box_of_dots
D:2:      layout_rooms, nzn_hepliaklqana_mist_gate
D:3:      kennysheep_slugbush, layout_loops_ring, minitemple

Skill      XL: |  1  2  3  4  5 |
---------------+----------------+-----
Armour         | 4 |  4.8
Long Blades    | 3 4 |  4.0
Fighting       | 4 |  4.2
Dodging        | |  0.8
Stealth        | |  0.5
Shields        | |  3.9

Action                   |  1- 3 |  4- 6 || total
-------------------------+-------+-------++-------
Melee: Long sword        |    75 |    90 ||   165
  Use: Scroll            |       |     4 ||     4
Armor: Scale mail        |    41 |    46 ||    87
Dodge: Dodged            |    25 |    21 ||    46
Block: Kite shield       |    45 |    39 ||    84
       Rpst.: Long sword |    11 |     7 ||    18
